[Event "Titled Tuesday Blitz January 18 2022"]
[White "Kukhmazov, Arsen"]
[Black "Purtseladze, Maka"]
[WhiteFideId "24108260"]
[BlackFideId "13602659"]
[WhiteElo "2487"]
[BlackElo "2192"]
[Result "1-0"]
[Round "01"]
[TimeControl "180+1"]
[Date "2022.01.18"]
[WhiteClock "0:00:07"]
[BlackClock "0:00:13"]

1. Nf3 Nf6 2. g3 d5 3. Bg2 c6 4. O-O g6 5. d4 Bg7 6. c4 O-O 7. Qb3 a5 8. Nc3 a4 9. Nxa4 dxc4 10. Qd1 b5 11. Nc5 Nfd7 12. Nxd7 Nxd7 13. b3 Nb6 14. Bb2 Be6 15. Ng5 Bd7 16. Ne4 Nd5 17. bxc4 bxc4 18. Qc1 Bf5 19. Qxc4 Qb6 20. Rfb1 Rfb8 21. h3 h5 22. a4 Qa6 23. Qc2 Rb4 24. e3 Rxa4 25. Rxa4 Qxa4 26. Qxa4 Rxa4 27. Ra1 Rxa1+ 28. Bxa1 Bxe4 29. Bxe4 e6 30. Kf1 f5 31. Bf3 Kf7 32. Ke2 Bf6 33. Kd3 h4 34. g4 Bg5 35. Bb2 Ke7 36. Ba3+ Kd7 37. Bd1 Be7 38. Bc1 Bd6 39. f3 Bg3 40. Ba4 Kd6 41. Ba3+ Kd7 42. Bf8 f4 43. e4 Ne3 44. Bb4 Nf1 45. d5 exd5 46. exd5 Nh2 47. dxc6+ Kc7 48. Ke4 Nf1 49. Ba5+ Kc8 50. Bb3 1-0


[Site "https://www.chess.com"]

[Event "Titled Tuesday Blitz January 18 2022"]
[White "Leitao, Rafael"]
[Black "Okike, David"]
[WhiteFideId "2101246"]
[BlackFideId "8500134"]
[WhiteElo "2609"]
[BlackElo "2232"]
[Result "1/2-1/2"]
[Round "01"]
[TimeControl "180+1"]
[Date "2022.01.18"]
[WhiteClock "0:00:11"]
[BlackClock "0:00:10"]

1. c4 e5 2. Nc3 Bb4 3. Qc2 c6 4. a3 Bxc3 5. Qxc3 d6 6. Nf3 Nf6 7. g3 O-O 8. Bg2 Re8 9. O-O a5 10. b3 Na6 11. Bb2 Bg4 12. h3 Bh5 13. d3 Nc5 14. Qc2 Bg6 15. e4 Nfd7 16. Rab1 Ne6 17. Nh4 f6 18. f4 Bf7 19. Nf5 Ndc5 20. b4 axb4 21. axb4 Na4 22. Ba1 c5 23. b5 Kh8 24. Qe2 Rf8 25. Qg4 g6 26. Nh6 Qe7 27. Qh4 g5 28. fxg5 fxg5 29. Qg4 Bg6 30. Nf5 Qd7 31. Rf2 Rf7 32. Rbf1 Raf8 33. Qd1 Nb6 34. Bc3 Nd4 35. Bxd4 cxd4 36. Qg4 Qd8 37. h4 gxh4 38. gxh4 Bxf5 39. Rxf5 Rxf5 40. Rxf5 Rg8 41. Rg5 Rxg5 42. hxg5 Kg7 43. Qf5 Qe7 44. Bh3 Na4 45. Kf2 Nc5 46. Ke2 Qf7 47. Kd2 Qe7 48. Kc2 Qf7 49. Bg4 Qf8 50. Bh5 Qe7 51. g6 h6 52. Qc8 Ne6 53. Bg4 Nf8 54. b6 Nxg6 55. Qc7 Kf6 56. Bc8 Qxc7 57. bxc7 Ne7 58. Bxb7 h5 59. c8=Q Nxc8 60. Bxc8 Kg5 61. Kd2 Kf4 62. Ke2 Kg3 63. Kf1 Kf3 64. c5 dxc5 65. Ba6 h4 66. Kg1 Kg3 67. Kh1 h3 68. Kg1 Kf3 69. Kh2 Kg4 70. Bc8+ Kf3 71. Bxh3 c4 72. Bg2+ Ke3 73. dxc4 d3 74. Bh3 Kxe4 75. Bg4 Kd4 76. Kg3 Kxc4 77. Kf2 Kd4 78. Bd1 e4 79. Ke1 e3 80. Bf3 Kc3 81. Kd1 Kd4 82. Bg4 Ke5 83. Bf3 Kf4 84. Bc6 Kg3 85. Bb5 d2 86. Bc4 Kf4 87. Bb5 Ke4 88. Be2 Kd4 89. Bf1 Kc3 90. Be2 Kd4 91. Bf1 Kc3 92. Be2 Kd4 1/2-1/2


[Site "https://www.chess.com"]

[Event "Titled Tuesday Blitz January 18 2022"]
[White "Leiva, Gianmarco"]
[Black "Bethke, Richard"]
[WhiteFideId "3804399"]
[BlackFideId "12959243"]
[WhiteElo "2328"]
[BlackElo "2438"]
[Result "1-0"]
[Round "01"]
[TimeControl "180+1"]
[Date "2022.01.18"]
[WhiteClock "0:00:04"]
[BlackClock "0:00:10"]

1. e4 c5 2. Nf3 d6 3. Bb5+ Bd7 4. Bxd7+ Qxd7 5. c4 Nc6 6. d4 cxd4 7. Nxd4 Nf6 8. Nc3 g6 9. O-O Bg7 10. f3 Nxe4 11. Nxe4 Nxd4 12. Qd3 O-O 13. Rf2 Ne6 14. Be3 Bxb2 15. Rxb2 f5 16. Nc3 Rac8 17. Nd5 Nc5 18. Qd4 e5 19. Qd2 b6 20. Bg5 Kf7 21. Be7 Rfe8 22. Qg5 Ne6 23. Qf6+ Kg8 24. Qh4 Kg7 25. Bf6+ Kg8 26. Bxe5 Qb7 27. Nf6+ Kf8 28. Qh6+ Kf7 29. Qxh7+ Ng7 30. Nxe8 Kxe8 31. Qg8+ Kd7 32. Qf7+ Kc6 33. Qd5+ Kc7 34. Qxd6# 1-0


[Site "https://www.chess.com"]

[Event "Titled Tuesday Blitz January 18 2022"]
[White "Lovkov, Roman"]
[Black "Hoffmann, Asa"]
[WhiteFideId "4157389"]
[BlackFideId "2001470"]
[WhiteElo "2371"]
[BlackElo "2117"]
[Result "1-0"]
[Round "01"]
[TimeControl "180+1"]
[Date "2022.01.18"]
[WhiteClock "0:00:15"]
[BlackClock "0:00:13"]

1. e4 d6 2. d4 Nf6 3. Nc3 c6 4. Nf3 Bg4 5. h3 Bh5 6. g4 Bg6 7. Bd3 e6 8. Qe2 d5 9. e5 Nfd7 10. O-O c5 11. Bg5 Qb6 12. Na4 Qc7 13. dxc5 Nxc5 14. Nxc5 Bxc5 15. Kg2 Nc6 16. Rfe1 O-O 17. h4 Rac8 18. h5 Bxd3 19. cxd3 h6 20. Bf4 Nd4 21. Nxd4 Bxd4 22. Rac1 Qb6 23. b3 Rc6 24. g5 hxg5 25. Bxg5 Rfc8 26. h6 Rxc1 27. Bxc1 g6 28. Qf3 Qd8 29. h7+ Kh8 30. Qxf7 Bxe5 31. Rxe5 Rxc1 32. Qxg6 Rc7 33. Rg5 Rxh7 34. Rg4 Qf8 35. Qxe6 Rh2+ 36. Kxh2 Qxf2+ 37. Rg2 Qf4+ 38. Kh3 Qf3+ 39. Rg3 Qh5+ 40. Kg2 Qe2+ 41. Qxe2 1-0


[Site "https://www.chess.com"]

[Event "Titled Tuesday Blitz January 18 2022"]
[White "Maghsoodloo, Parham"]
[Black "Guseva, Marina"]
[WhiteFideId "12539929"]
[BlackFideId "4149351"]
[WhiteElo "2630"]
[BlackElo "2232"]
[Result "1-0"]
[Round "01"]
[TimeControl "180+1"]
[Date "2022.01.18"]
[WhiteClock "0:02:02"]
[BlackClock "0:00:12"]

1. d4 Nf6 2. c4 e6 3. Nf3 b6 4. g3 Ba6 5. Nbd2 Bb7 6. Bg2 d5 7. O-O Be7 8. b3 O-O 9. Bb2 Na6 10. Rc1 c5 11. Qc2 Rc8 12. Rfd1 cxd4 13. Nxd4 Nc5 14. Qb1 h6 15. a3 Qd7 16. cxd5 exd5 17. Nf5 Rfd8 18. b4 Ne6 19. Rxc8 Rxc8 20. e4 dxe4 21. Nxe4 Bxe4 22. Bxe4 Qe8 23. Bxf6 Bxf6 24. Nd6 Qd7 25. Nxc8 Qxc8 26. Bf5 Qc4 27. Qd3 Qxd3 28. Rxd3 Nd4 29. Be4 Kf8 30. f4 Ke7 31. Kf2 g6 32. h4 h5 33. Ke3 Nb5 34. Bc6 Nd6 35. Kf3 Nc4 36. Rd7+ Ke6 37. Rxa7 1-0


[Site "https://www.chess.com"]

[Event "Titled Tuesday Blitz January 18 2022"]
[White "Maksimovic, Bojan"]
[Black "Bauer, Thomas"]
[WhiteFideId "14408120"]
[BlackFideId "1639293"]
[WhiteElo "2450"]
[BlackElo "2220"]
[Result "1-0"]
[Round "01"]
[TimeControl "180+1"]
[Date "2022.01.18"]
[WhiteClock "0:01:26"]
[BlackClock "0:00:02"]

1. c4 g6 2. Nc3 Bg7 3. d4 d6 4. e4 e5 5. dxe5 Bxe5 6. Nf3 Bxc3+ 7. bxc3 Qf6 8. e5 dxe5 9. Bg5 Qd6 10. Qxd6 cxd6 11. O-O-O f6 12. Be3 Ke7 13. c5 dxc5 14. Bxc5+ Kf7 15. Rd8 Nc6 16. Bc4+ Be6 17. Bxe6+ Kxe6 18. Rxa8 b6 19. Ba3 Na5 20. Kc2 Nc4 21. Bc1 h5 22. Rd1 g5 23. Rdd8 Kf7 24. Kd3 Na5 25. Ke4 f5+ 26. Kxe5 Nc6+ 27. Kd6 Rh6+ 28. Kc7 Nxd8 29. Nxg5+ Ke7 30. Rxd8 Rg6 31. f4 Rg7 32. Ba3+ Kf6+ 33. Rd7 Rxd7+ 34. Kxd7 h4 35. h3 Kg6 36. Ke6 Nf6 37. Nf7 Ne4 38. Ne5+ Kg7 39. Bb2 Ng3 40. c4 Kf8 41. Kf6 Ke8 42. Kg5 Ne2 43. Kxf5 a6 44. Kg4 b5 45. f5 bxc4 46. Nxc4 Kf7 47. Ne5+ Kf8 48. f6 a5 49. Ba3+ Ke8 50. f7+ Kd8 51. f8=Q+ Kc7 52. Qd6+ Kb7 53. Qc6+ Kb8 54. Nd7+ Ka7 55. Qa6+ Kxa6 56. Nc5+ Kb5 57. Kxh4 Nf4 58. g4 Ng6+ 59. Kg5 Ne5 60. h4 Nc4 61. Bc1 Kxc5 62. h5 Ne5 63. h6 Nf7+ 64. Kg6 Ne5+ 65. Kf5 Nf7 66. h7 Kc4 67. g5 Kc3 68. Bf4 Nd8 69. g6 Nc6 70. h8=Q+ Nd4+ 71. Ke4 Kc2 72. Qxd4 a4 73. g7 a3 74. Qc4+ Kb1 75. Qb3+ Ka1 76. Be5# 1-0


[Site "https://www.chess.com"]

[Event "Titled Tuesday Blitz January 18 2022"]
[White "Manukian, Artak"]
[Black "Isanzhulov, Arystan"]
[WhiteFideId "13301373"]
[BlackFideId "13711644"]
[WhiteElo "2434"]
[BlackElo "2278"]
[Result "0-1"]
[Round "01"]
[TimeControl "180+1"]
[Date "2022.01.18"]
[WhiteClock "0:00:05"]
[BlackClock "0:00:03"]

1. e4 e6 2. d4 d5 3. e5 b6 4. c3 Qd7 5. Nf3 Ba6 6. Bxa6 Nxa6 7. O-O h6 8. b4 Ne7 9. a4 g5 10. b5 Nb8 11. Na3 Bg7 12. Nc2 a6 13. Qe2 O-O 14. Ba3 Rc8 15. h4 gxh4 16. Nxh4 Ng6 17. Nxg6 fxg6 18. Ne3 c5 19. bxc6 Nxc6 20. Ng4 h5 21. Nf6+ Bxf6 22. exf6 Qf7 23. Rfe1 Re8 24. Rab1 Na5 25. Bd6 Rac8 26. Be5 Nc4 27. g4 h4 28. g5 Qh7 29. Qg4 Kf7 30. Kg2 Rc6 31. Rh1 Rh8 32. Rh3 Qh5 33. Qf4 Nxe5 34. dxe5 Rc4 35. Qe3 Qg4+ 36. Kh2 d4 37. cxd4 Rb8 38. d5 exd5 39. Rxb6 Rxb6 40. Qxb6 Qf4+ 41. Kg2 Qxg5+ 42. Kh2 Qf4+ 43. Kg2 Qg5+ 44. Kh2 Qxe5+ 45. Kg2 Qg5+ 46. Kh2 Qf4+ 47. Kg2 Qg5+ 48. Kh2 Rc2 49. Rf3 Qe5+ 50. Kh3 Rc7 51. Qxa6 Qe6+ 52. Kh2 Qxa6 0-1


[Site "https://www.chess.com"]

[Event "Titled Tuesday Blitz January 18 2022"]
[White "Manukyan, Sargis A."]
[Black "Panesar Vedant"]
[WhiteFideId "13303970"]
[BlackFideId "35033018"]
[WhiteElo "2187"]
[BlackElo "1971"]
[Result "0-1"]
[Round "01"]
[TimeControl "180+1"]
[Date "2022.01.18"]
[WhiteClock "0:00:59"]
[BlackClock "0:00:46"]

1. d4 Nf6 2. c4 g6 3. Nc3 d5 4. Bf4 Bg7 5. e3 c5 6. dxc5 Qa5 7. Rc1 O-O 8. cxd5 Nbd7 9. Qa4 Qxc5 10. Qc4 Qa5 11. b4 Qa3 12. Nb5 Qb2 13. Rc2 Qb1+ 14. Rc1 Qb2 15. Rc2 Qb1+ 16. Rc1 Qf5 17. Nc7 Nb6 18. Qc2 Qxc2 19. Rxc2 Bf5 20. Nxa8 Bxc2 21. Nxb6 axb6 22. Bc4 Rc8 23. Bb3 Bxb3 24. axb3 Rc1+ 25. Kd2 Ra1 26. Be5 Ne4+ 27. Kd3 Nxf2+ 28. Ke2 Ra2+ 0-1


[Site "https://www.chess.com"]

[Event "Titled Tuesday Blitz January 18 2022"]
[White "Martic, Ivan"]
[Black "Ivanov, Oleg"]
[WhiteFideId "929301"]
[BlackFideId "4103114"]
[WhiteElo "2290"]
[BlackElo "2840"]
[Result "1/2-1/2"]
[Round "01"]
[TimeControl "180+1"]
[Date "2022.01.18"]
[WhiteClock "0:00:31"]
[BlackClock "0:02:22"]

1. e4 c5 2. Nf3 Nc6 3. d4 cxd4 4. Nxd4 Nf6 5. Nc3 d6 6. Bg5 e6 7. Qd2 Be7 8. O-O-O O-O 9. f4 h6 10. h4 Nxd4 11. Qxd4 hxg5 12. hxg5 Ng4 13. Be2 e5 14. Qg1 exf4 15. Bxg4 Bxg4 16. Qh2 f5 17. Qh7+ Kf7 18. exf5 Bxg5 19. Qg6+ Kg8 20. Qh7+ Kf7 21. Qg6+ Kg8 22. Qh7+ Kf7 1/2-1/2


[Site "https://www.chess.com"]

[Event "Titled Tuesday Blitz January 18 2022"]
[White "Martin Carmona, Gaston Manuel"]
[Black "Lenderman, Aleksandr"]
[WhiteFideId "22284567"]
[BlackFideId "2021285"]
[WhiteElo "2161"]
[BlackElo "2651"]
[Result "1-0"]
[Round "01"]
[TimeControl "180+1"]
[Date "2022.01.18"]
[WhiteClock "0:01:51"]
[BlackClock "0:02:39"]

1. e4 e6 2. d4 d5 3. Nd2 dxe4 4. Nxe4 Nd7 5. Nf3 Ngf6 6. Nxf6+ Nxf6 7. Ne5 Nd7 8. Be2 Nxe5 9. dxe5 Qxd1+ 10. Bxd1 Bd7 11. Bf3 O-O-O 12. c3 Bb5 13. Be3 b6 14. a4 Bc4 15. a5 Bc5 16. axb6 axb6 17. Bc6 1-0


[Site "https://www.chess.com"]

[Event "Titled Tuesday Blitz January 18 2022"]
[White "Morris-Suzuki, Sophie"]
[Black "Hakobyan, Aram"]
[WhiteFideId "30922615"]
[BlackFideId "13306677"]
[WhiteElo "2503"]
[BlackElo "2557"]
[Result "0-1"]
[Round "01"]
[TimeControl "180+1"]
[Date "2022.01.18"]
[WhiteClock "0:00:02"]
[BlackClock "0:01:21"]

1. d4 Nf6 2. c4 e6 3. Nc3 Bb4 4. e3 Bxc3+ 5. bxc3 c5 6. Bd3 d6 7. e4 Nc6 8. Ne2 e5 9. O-O O-O 10. Bb2 Re8 11. Qc2 b6 12. a3 Ba6 13. f4 Ng4 14. Qd2 Na5 15. h3 Nf6 16. fxe5 dxe5 17. Ng3 Bxc4 18. Nf5 Nh5 19. Rad1 Bxd3 20. Qxd3 Qg5 21. Qf3 Nb3 22. Nd6 Rf8 23. Nxf7 Qg6 24. Nxe5 Rxf3 25. Nxg6 Rxf1+ 26. Rxf1 hxg6 27. d5 Nf6 28. Re1 Re8 29. d6 Nd7 30. c4 Nd4 31. Rd1 Rxe4 32. Kh2 Ne6 33. Rf1 Rxc4 34. Bc1 Rd4 35. Be3 Rxd6 36. Bg1 Rd3 37. Re1 Nd4 38. Re7 Nf6 39. Rxa7 Rd2 40. Ra4 Ne4 41. Kh1 Rd1 42. Kh2 b5 43. Ra8+ Kh7 44. Rb8 Rd2 45. Rc8 Nf3+ 46. Kh1 Ng3# 0-1


[Site "https://www.chess.com"]

[Event "Titled Tuesday Blitz January 18 2022"]
[White "Nakamura, Hikaru"]
[Black "Villalba, Marcelo"]
[WhiteFideId "2016192"]
[BlackFideId "3701859"]
[WhiteElo "2850"]
[BlackElo "2169"]
[Result "1-0"]
[Round "01"]
[TimeControl "180+1"]
[Date "2022.01.18"]
[WhiteClock "0:01:22"]
[BlackClock "0:00:04"]

1. Nf3 d6 2. d4 Nf6 3. Nc3 g6 4. e4 Bg7 5. Bc4 O-O 6. Bb3 Nc6 7. Be3 Bg4 8. h3 Bxf3 9. Qxf3 e5 10. dxe5 dxe5 11. Bg5 Nd4 12. Qe3 Nxb3 13. axb3 c6 14. Rxa7 Rxa7 15. Qxa7 Qd4 16. Qxb7 Rd8 17. Be3 Qd6 18. O-O Rd7 19. Qa8+ Rd8 20. Qa1 Qb4 21. Rd1 Rxd1+ 22. Qxd1 h6 23. Qd3 Kh7 24. Qc4 Qa5 25. Qf1 Qb4 26. f3 Nh5 27. Qe1 f5 28. Qd2 f4 29. Bf2 Qa5 30. Qd1 g5 31. Na4 Bf8 32. c3 Ng7 33. b4 Qb5 34. Bc5 Bxc5+ 35. Nxc5 Qc4 36. Qd7 Qe2 37. Nd3 Kg6 38. Nxe5+ Kh7 39. Kh2 Qe1 40. Qg4 Qe2 41. h4 Qf2 42. hxg5 h5 43. Qxf4 Ne6 44. Qf5+ Kg7 45. Qf7+ 1-0


[Site "https://www.chess.com"]

[Event "Titled Tuesday Blitz January 18 2022"]
[White "Navalgund, Niranjan"]
[Black "Yoo, Christopher Woojin"]
[WhiteFideId "5030854"]
[BlackFideId "30909694"]
[WhiteElo "2290"]
[BlackElo "2105"]
[Result "1/2-1/2"]
[Round "01"]
[TimeControl "180+1"]
[Date "2022.01.18"]
[WhiteClock "0:00:14"]
[BlackClock "0:00:03"]

1. e4 e5 2. Nf3 Nc6 3. Bb5 a6 4. Ba4 Nf6 5. O-O Bc5 6. c3 b5 7. Bc2 d5 8. exd5 Qxd5 9. d4 exd4 10. Re1+ Be6 11. Bb3 Qd7 12. Ng5 Nd8 13. Qf3 Rb8 14. Qf5 Be7 15. Nxe6 Nxe6 16. Rxe6 fxe6 17. Bxe6 Qc6 18. Bf4 Qe4 19. Qxe4 Nxe4 20. Bxc7 dxc3 21. Nxc3 Rb7 22. Nd5 Nf6 23. Rc1 b4 24. Be5 Bd8 25. Rc8 Nxd5 26. Bxd5 Re7 27. f4 Kd7 28. Rc6 Rhe8 29. Rxa6 Rxe5 30. fxe5 Rxe5 31. Bc6+ Kc7 32. Bf3 Bf6 33. Kf2 Rc5 34. b3 Rc2+ 35. Ke3 Be5 36. h3 Rc3+ 37. Ke4 Bf6 38. Kf5 Rc2 39. Ra7+ Kb6 40. Ra8 Kc7 41. Ra4 Be7 42. Ra7+ Kd6 43. g4 Bf6 44. g5 Bd4 45. Ra6+ Kc5 46. Ke4 Rc3 47. Bg2 Re3+ 48. Kf4 Re2 49. Bf3 Re8 50. Rc6+ Kb5 51. Rc4 Be3+ 52. Kg4 Re5 53. h4 h6 54. Bc6+ Kb6 55. g6 Re6 56. Be4 Bd2 57. h5 Rf6 58. Bf5 Rd6 59. Re4 Bc3 60. Re7 Bf6 61. Rf7 Rd4+ 62. Kf3 Rd6 63. Be4 Kc5 64. Rb7 Ra6 65. Rf7 Rd6 66. Ke2 Re6 67. Kd3 Rd6+ 68. Ke3 Re6 69. Kf3 Rd6 1/2-1/2


[Site "https://www.chess.com"]

[Event "Titled Tuesday Blitz January 18 2022"]
[White "Nenezic, Marko"]
[Black "Vargas, Gabriela"]
[WhiteFideId "912123"]
[BlackFideId "3700860"]
[WhiteElo "2484"]
[BlackElo "2110"]
[Result "1-0"]
[Round "01"]
[TimeControl "180+1"]
[Date "2022.01.18"]
[WhiteClock "0:00:46"]
[BlackClock "0:01:05"]

1. Nf3 Nf6 2. c4 g6 3. Nc3 d5 4. cxd5 Nxd5 5. h4 h6 6. e4 Nxc3 7. dxc3 Qxd1+ 8. Kxd1 Nc6 9. Bf4 Bg4 10. Bxc7 Rc8 11. Bg3 Bg7 12. Be2 O-O 13. Nd2 Be6 14. f4 Rfd8 15. Ke1 a6 16. a4 Na5 17. h5 g5 18. fxg5 hxg5 19. h6 Bh8 20. e5 Nb3 21. Nxb3 Bxb3 22. Bf3 Bd5 23. Rh5 Kh7 24. Rxg5 Bxf3 25. gxf3 Rd3 26. Ke2 Rcd8 27. Bf4 f6 28. Rgg1 fxe5 29. Be3 e4 30. fxe4 Be5 31. Rad1 Rxd1 32. Rxd1 Rxd1 33. Kxd1 1-0


[Site "https://www.chess.com"]

[Event "Titled Tuesday Blitz January 18 2022"]
[White "Nilsen, Tobias Lang"]
[Black "Perez Ponsa, Federico"]
[WhiteFideId "1521624"]
[BlackFideId "117927"]
[WhiteElo "2013"]
[BlackElo "2672"]
[Result "0-1"]
[Round "01"]
[TimeControl "180+1"]
[Date "2022.01.18"]
[WhiteClock "0:00:24"]
[BlackClock "0:00:15"]

1. d4 Nf6 2. c4 e6 3. g3 d5 4. Bg2 Bb4+ 5. Bd2 Be7 6. Nf3 c6 7. O-O b6 8. Qc2 Nbd7 9. cxd5 cxd5 10. Nc3 Bb7 11. Rfc1 Rc8 12. Qa4 a6 13. Ne5 b5 14. Qb3 Nxe5 15. dxe5 Ng4 16. a4 b4 17. Nd1 Rxc1 18. Rxc1 Nxe5 19. Bxb4 Qb6 20. Qe3 Qxb4 21. Qxe5 O-O 22. Qf4 Qxf4 23. gxf4 Bd6 24. e3 Rb8 25. Bf1 Kf8 26. Bd3 Ke7 27. Kf1 Kd7 28. Ke2 Bc6 29. Bxa6 Bxa4 30. Bd3 h6 31. Bc2 Bb5+ 32. Bd3 Bc6 33. Rc2 Ba4 34. Rc1 g5 35. fxg5 hxg5 36. h3 f5 37. Bc2 Bb5+ 38. Bd3 Bc6 39. Rb1 Rh8 40. b4 Rxh3 41. b5 Bb7 42. b6 Bc5 43. Nc3 f4 44. Na4 Bd6 45. Bb5+ Ke7 46. Rc1 f3+ 47. Kd3 Rh2 48. Nc5 Bxc5 49. Rxc5 Kd6 50. Rc7 Rxf2 51. Rxb7 Rb2 52. Be8 g4 53. Rd7+ Ke5 54. b7 f2 55. Rf7 g3 56. Bb5 Rxb5 57. Ke2 Rb2+ 58. Kf1 Rb1+ 59. Kg2 Ke4 60. Kxg3 Kxe3 61. Rf3+ Ke4 62. Kxf2 Rb2+ 63. Kg3 Rxb7 64. Rf4+ Ke5 65. Rf8 Rb3+ 66. Kf2 d4 67. Ke2 Ke4 68. Rh8 Rb2+ 69. Ke1 e5 70. Rh4+ Kd5 71. Kd1 d3 72. Rh8 Rg2 73. Rh3 e4 74. Ke1 Kd4 75. Kd1 Ra2 76. Ke1 Ra1+ 77. Kf2 d2 78. Rh8 d1=Q 79. Rd8+ Ke5 80. Rxd1 Rxd1 81. Ke2 Rd3 82. Ke1 Kf4 83. Ke2 Rf3 84. Ke1 Ke3 85. Kd1 Kd3 86. Ke1 Rf4 87. Kd1 Rf1# 0-1


[Site "https://www.chess.com"]

[Event "Titled Tuesday Blitz January 18 2022"]
[White "Nyzhnyk, Illya"]
[Black "Brunner, Nicolas"]
[WhiteFideId "14118084"]
[BlackFideId "620246"]
[WhiteElo "2694"]
[BlackElo "2372"]
[Result "1-0"]
[Round "01"]
[TimeControl "180+1"]
[Date "2022.01.18"]
[WhiteClock "0:01:02"]
[BlackClock "0:00:16"]

1. d4 d5 2. c4 e6 3. Nc3 Be7 4. Nf3 Nf6 5. Qc2 O-O 6. Bg5 h6 7. Bxf6 Bxf6 8. O-O-O b6 9. e4 Bb7 10. h4 dxe4 11. Nxe4 Nd7 12. g4 g6 13. g5 hxg5 14. hxg5 Bg7 15. Kb1 Qe7 16. Bd3 c5 17. d5 exd5 18. cxd5 Bxd5 19. Rhe1 Rfe8 20. Nf6+ Bxf6 21. Rxe7 Bxe7 22. Bxg6 Bxf3 23. Rxd7 fxg6 24. Qxg6+ Kh8 25. Rd3 Rf8 26. Rxf3 Rxf3 27. Qh5+ Kg7 28. Qxf3 Rf8 29. Qe3 Bd6 30. Qe6 Bf4 31. Qh6+ Kf7 32. g6+ Ke7 33. Qh7+ Ke6 34. g7 1-0


[Site "https://www.chess.com"]

[Event "Titled Tuesday Blitz January 18 2022"]
[White "Omariev, Maksim"]
[Black "Le, Tuan Minh"]
[WhiteFideId "4193423"]
[BlackFideId "12401153"]
[WhiteElo "2495"]
[BlackElo "2450"]
[Result "0-1"]
[Round "01"]
[TimeControl "180+1"]
[Date "2022.01.18"]
[WhiteClock "0:00:07"]
[BlackClock "0:00:13"]

1. e4 c5 2. Nf3 Nf6 3. e5 Nd5 4. Nc3 e6 5. Nxd5 exd5 6. d4 Nc6 7. dxc5 Bxc5 8. Bd3 d6 9. exd6 Qxd6 10. O-O O-O 11. Bg5 h6 12. Bh4 Re8 13. Bg3 Qf6 14. c3 Bg4 15. Be2 Rad8 16. h3 Bf5 17. Bh4 g5 18. Bg3 d4 19. cxd4 Nxd4 20. Nxd4 Bxd4 21. Bb5 Re6 22. Qf3 Rb6 23. Bc4 Rxb2 24. Rad1 Bg6 25. Qxf6 Bxf6 26. Rxd8+ Bxd8 27. Rd1 Bf6 28. Re1 b5 29. Bb3 a5 30. Re8+ Kg7 31. Bd6 a4 32. Bd5 Rd2 33. Bf8+ Kh7 34. Bc6 Rxa2 35. Bxb5 a3 36. Ra8 Ra1+ 37. Kh2 Be5+ 38. g3 Be4 39. f3 Ra2+ 40. Kg1 Bd4+ 41. Kf1 Rf2+ 42. Ke1 Rxf3 43. Rxa3 Bf2+ 44. Ke2 Rxa3 45. Bxa3 Bxg3 46. Bd3 Bxd3+ 47. Kxd3 Kg6 48. Ke2 f5 49. Kf3 Bb8 50. Bc1 h5 51. Bd2 g4+ 52. Kg2 f4 53. Bxf4 Bxf4 54. Kf2 Kf5 55. Kg2 Ke4 56. Kf2 g3+ 57. Kg2 h4 58. Kf1 Kf3 59. Kg1 Be3+ 60. Kh1 g2+ 61. Kh2 g1=Q# 0-1


[Site "https://www.chess.com"]

[Event "Titled Tuesday Blitz January 18 2022"]
[White "Ortega Amarelle, Mariano"]
[Black "Onyshchuk, Volodymyr"]
[WhiteFideId "3504301"]
[BlackFideId "14114038"]
[WhiteElo "2389"]
[BlackElo "2642"]
[Result "0-1"]
[Round "01"]
[TimeControl "180+1"]
[Date "2022.01.18"]
[WhiteClock "0:00:10"]
[BlackClock "0:01:13"]

1. e4 g6 2. d4 Bg7 3. c3 d6 4. Bd3 a6 5. Nf3 b6 6. O-O Bb7 7. a4 Nd7 8. Re1 e6 9. Nbd2 Ne7 10. Nc4 h6 11. h4 O-O 12. e5 dxe5 13. Ncxe5 Nxe5 14. Nxe5 Nf5 15. g3 c5 16. Bxf5 exf5 17. dxc5 Qxd1 18. Rxd1 Bxe5 19. Bxh6 Rfd8 20. cxb6 Bf6 21. Be3 Rxd1+ 22. Rxd1 Rd8 23. Rxd8+ Bxd8 24. a5 Bf6 25. f4 Kf8 26. Kf2 Ke7 27. Bc5+ Ke6 28. Ke3 Kd5 29. Bf8 Kc4 30. Ba3 Kb3 31. Kd3 Bc6 32. Bc5 Kxb2 33. Bd4 Be7 34. Be5 Kb3 35. Kd4 Ka4 36. Bc7 Kb5 37. Ke5 Bb7 38. Bd6 Bd8 39. Bc7 Bxc7+ 40. bxc7 Kxa5 41. Kd6 Kb5 0-1


[Site "https://www.chess.com"]

[Event "Titled Tuesday Blitz January 18 2022"]
[White "Pakleza, Zbigniew"]
[Black "Lomaia, Diana"]
[WhiteFideId "1119290"]
[BlackFideId "13612476"]
[WhiteElo "2467"]
[BlackElo "1744"]
[Result "1-0"]
[Round "01"]
[TimeControl "180+1"]
[Date "2022.01.18"]
[WhiteClock "0:00:19"]
[BlackClock "0:00:45"]

1. d4 Nf6 2. Nf3 e6 3. Bf4 d5 4. e3 c5 5. c3 Bd6 6. Bg3 Qc7 7. Ne5 Nbd7 8. f4 Ne4 9. Nd2 Nxg3 10. hxg3 Nf6 11. Bd3 Bd7 12. g4 cxd4 13. exd4 Bc6 14. Qe2 O-O-O 15. g5 Bxe5 16. fxe5 Nd7 17. O-O-O Nb6 18. Rdf1 Be8 19. Kb1 Nc4 20. Bxc4 dxc4 21. Qxc4 Qxc4 22. Nxc4 Bb5 23. Nd6+ Rxd6 24. exd6 Bxf1 25. Rxf1 Rf8 26. c4 Kd7 27. c5 b6 28. b4 f6 29. Kc2 h6 30. gxh6 gxh6 31. Kc3 f5 32. Rh1 Rf6 33. Kc4 Rg6 34. Kb5 f4 35. a4 bxc5 36. bxc5 Rxg2 37. Rxh6 Rb2+ 38. Ka6 f3 39. Rh7+ Kc6 40. Rc7+ Kd5 41. d7 f2 42. d8=Q+ Kc4 43. Rf7 Ra2 44. Qa5 Kd3 45. Qb5+ Kxd4 46. c6 e5 47. c7 Rc2 48. Qd7+ Ke3 49. c8=Q Rxc8 50. Qxc8 e4 51. Qc5+ Ke2 52. Rxf2+ Kd3 53. Qd5+ Ke3 1-0


[Site "https://www.chess.com"]

[Event "Titled Tuesday Blitz January 18 2022"]
[White "Pandey Srishti"]
[Black "Izoria, Zviad"]
[WhiteFideId "35093290"]
[BlackFideId "13601733"]
[WhiteElo "1832"]
[BlackElo "2626"]
[Result "0-1"]
[Round "01"]
[TimeControl "180+1"]
[Date "2022.01.18"]
[WhiteClock "0:00:26"]
[BlackClock "0:00:13"]

1. d4 Nf6 2. c4 e6 3. Nf3 d5 4. Nc3 Bb4 5. cxd5 exd5 6. Bg5 h6 7. Bxf6 Qxf6 8. e3 c6 9. Bd3 O-O 10. Nd2 Qg5 11. Qf3 Bd6 12. h3 Be6 13. Rb1 Nd7 14. b4 a6 15. a4 b5 16. O-O Qe7 17. e4 dxe4 18. Ndxe4 Bxb4 19. Rfc1 Nb6 20. Ne2 Ba2 21. Ra1 Bc4 22. Bb1 f5 23. N4g3 Rae8 24. Nf4 Qg5 25. h4 Qg4 26. Bxf5 Qxf3 27. gxf3 Bd6 28. Nfh5 Bxg3 29. Nxg3 Bd5 30. a5 Nc4 31. Ne4 Rxf5 32. Kg2 Ref8 33. Rc3 Rxf3 34. Rxf3 Bxe4 35. h5 Bxf3+ 36. Kg3 Bd5 37. f4 Nd6 38. f5 Ne4+ 39. Kf4 Nd6 40. Ke5 Nxf5 41. Rf1 Rf6 42. Rxf5 Rxf5+ 43. Kxf5 Kf7 44. Ke5 b4 45. Kd6 b3 46. Kc5 b2 47. Kb6 b1=Q+ 48. Kxa6 Qb5+ 49. Ka7 c5 50. a6 Qxa6+ 51. Kxa6 cxd4 52. Kb5 d3 53. Kc5 d2 54. Kxd5 d1=Q+ 55. Ke5 Qxh5+ 56. Kd6 Qg6+ 0-1


[Site "https://www.chess.com"]

[Event "Titled Tuesday Blitz January 18 2022"]
[White "Petrovskyi, Vadym"]
[Black "Balabayeva, Xeniya"]
[WhiteFideId "14165210"]
[BlackFideId "13719688"]
[WhiteElo "2424"]
[BlackElo "1940"]
[Result "0-1"]
[Round "01"]
[TimeControl "180+1"]
[Date "2022.01.18"]
[WhiteClock "0:00:06"]
[BlackClock "0:00:04"]

1. e4 c6 2. d4 d5 3. Nc3 dxe4 4. Nxe4 Nf6 5. Nxf6+ exf6 6. c3 Bd6 7. Bd3 Na6 8. Qc2 h5 9. Ne2 Nc7 10. Bd2 Kf8 11. O-O g6 12. a3 Kg7 13. Rfe1 Be6 14. c4 Re8 15. Nc3 Qd7 16. Ne4 Be7 17. Bc3 Rad8 18. Rad1 Qc8 19. Re3 Bf5 20. Ng3 Bxd3 21. Qxd3 Bd6 22. Ne4 Be7 23. Rf3 f5 24. d5+ f6 25. Qd4 Ne6 26. Qe3 fxe4 27. Rg3 Nf8 28. Qf4 cxd5 29. cxd5 Qb8 30. Qc1 Qc7 31. Qe3 Bd6 32. Rh3 Bf4 33. Qe2 Be5 34. Bb4 a5 35. d6 Bxd6 36. Rc3 Qb6 37. Bxd6 Rxd6 38. Re1 Rde6 39. Re3 Nd7 40. Qd1 R6e7 41. Qd5 Qc6 42. Qd4 Ne5 43. Rxe4 Rd7 44. Qe3 Red8 45. Qf4 Nf7 46. Re6 Qxe6 47. Rd1 Rxd1# 0-1


[Site "https://www.chess.com"]